 Dungeon Crawl Stone Soup version 0.18.1-50-g88ac8fd (webtiles) character file.

1116 Gargoyl the Covered (level 8, -4/62 HPs)
             Began as a Demonspawn Abyssal Knight on Oct 9, 2016.
             Was an Elder of Lugonu.
             Slain by a gnoll
             ... wielding a +0 halberd
              (13 damage)
             ... on level 5 of the Dungeon.
             The game lasted 00:11:31 (5421 turns).

Gargoyl the Covered (Demonspawn Abyssal Knight)     Turns: 5421, Time: 00:11:32

Health: -4/62      AC: 11    Str: 16    XL:     8   Next: 12%
Magic:  20/20      EV:  9    Int: 11    God:    Lugonu [****..]
Gold:   148        SH:  0    Dex: 16    Spells: 0 memorised, 7 levels left

rFire  . . .     SeeInvis +     e - +1 hand axe (vamp)
rCold  . . .     Gourm    .     t - +0 chain mail
rNeg   . . .     Faith    .     (no shield)
rPois  .         Spirit   .     (helmet restricted)
rElec  .         Dismiss  .     (no cloak)
rCorr  .         Reflect  .     (no gloves)
SustAt .         Harm     .     (no boots)
MR     .....                    (no amulet)
Stlth  ..........               q - ring of see invisible
                                p - ring of magical power

@: not resistant to hostile enchantments, extremely unstealthy
A: horns 1, icy blue scales 1, see invisible, agile 1, demonic guardian 1, dopey
1, nightstalker 1, strong 1, no device heal 1, MP-powered wands, sturdy frame 1
a: Depart the Abyss, Bend Space, Banish, Corrupt, Renounce Religion


You were on level 5 of the Dungeon.
You worshipped Lugonu.
Lugonu was greatly pleased with you.
You were not hungry.

You visited 1 branch of the dungeon, and saw 5 of its levels.
You visited the Abyss 1 time.

You collected 148 gold pieces.

Inventory:

Hand Weapons
 a - a +1 hand axe
 e - a +1 vampiric hand axe (weapon)
 s - a +0 war axe
Missiles
 h - 4 exploding tomahawks (quivered)
 o - 6 javelins
 w - 7 tomahawks
Armour
 t - a +0 chain mail (worn)
Jewellery
 l - an uncursed ring of stealth {unknown}
 p - a ring of magical power (left hand)
 q - a ring of see invisible (right hand)
Scrolls
 d - a scroll of remove curse
 f - 3 scrolls of magic mapping
 k - a scroll of fog
 m - 5 scrolls of identify
 r - 2 scrolls of teleportation
Potions
 b - a potion of lignification {unknown}
 g - 2 potions of brilliance {unknown}
 n - a potion of curing
 v - a potion of degeneration {unknown}
 x - a potion of magic {unknown}
Comestibles
 c - 4 bread rations
 i - a royal jelly
 j - a beef jerky
 u - a meat ration
 z - 3 chunks of flesh


   Skills:
 + Level 5.0 Fighting
 + Level 3.7 Axes
 * Level 5.8 Armour
 + Level 3.0 Dodging
 * Level 5.2 Invocations


You had 7 spell levels left.
You didn't know any spells.

Dungeon Overview and Level Annotations

Branches:
Dungeon (5/15)
 Temple: D:4-7

Altars:
Dithmenos
Fedhas
Kikubaaqudgha
Makhleb
Ru


Innate Abilities, Weirdness & Mutations

You have a pair of small horns on your head.
You are partially covered in icy blue scales (AC +1).
A weak demonic guardian rushes to your aid.
You are slightly more attuned to the shadows.
You have supernaturally acute eyesight.
You are agile. (Dex +2)
You are dopey. (Int -2)
Your muscles are strong. (Str +2)
Potions and wands are less effective at restoring your health.
You expend magic power (3 MP) to strengthen your wands.
Your movements are slightly less encumbered by armour (ER -2).


Message History

The gnoll hits you from afar with a halberd!
* * * LOW HITPOINT WARNING * * *
The gnoll hits you with a halberd!
* * * LOW HITPOINT WARNING * * *
You completely miss the gnoll. Your headbutt misses the gnoll.
The gnoll is heavily wounded.
The gnoll barely misses you. The gnoll hits you but does no damage.
Drink which item? (? for menu, Esc to quit)
Okay, then.
Read which item? (? for menu, Esc to quit)
Okay, then.
Drink which item? (? for menu, Esc to quit)
It was a potion of curing.
You feel better. The gnoll barely misses you.
The gnoll hits you with a halberd.
* * * LOW HITPOINT WARNING * * *
That item cannot be evoked!
You hit the gnoll.
You feel better.
The gnoll is almost dead.
The gnoll barely misses you. The gnoll hits you with a halberd!
You die...

##.....#.# .......#.#
.......#.# ♣#..g...#'##
..........# #.# #g....#
##.###.....# ########
#....@)...## ..##...#
#...g)....# ####...#
#.........#
####...#####.........#
..........†.............
...#...#####........$...
####...# #.............
#...# #########.....
#...# ....


You could see 2 gnolls.

Vanquished Creatures
  Grinder (D:2)
  Sigmund (D:5)
  Menkaure (D:5)
  A phantom (D:5)
  3 orc priests
  2 orc wizards
  2 worker ants (D:4)
  4 gnolls
  13 adders
  An ooze (D:1)
  2 adder skeletons
  6 worms
  3 dart slugs
  23 orcs
  4 ball pythons
  6 bats
  5 giant cockroaches
  7 goblins
  9 hobgoblins
  7 jackals
  12 kobolds
  2 quokkas (D:2)
  A giant gecko skeleton (D:5)
  A giant newt (D:3)
  10 rats
127 creatures vanquished.

Vanquished Creatures (others)
  The ghost of BTG the Chopper, an amateur MiBe of Trog (D:4)
  A jackal (D:5)
2 creatures vanquished.

Grand Total: 129 creatures vanquished

Notes
Turn   | Place    | Note
--------------------------------------------------------------
     0 | Abyss:1  | Gargoyl the Demonspawn Abyssal Knight began the quest for the Orb.
     0 | Abyss:1  | Reached XP level 1. HP: 18/18 MP: 2/2
    76 | Abyss:2  | Noticed a hellwing
   153 | Abyss:2  | Noticed a hellwing
   154 | D:1      | Escaped the Abyss
   199 | D:1      | Reached skill level 1 in Dodging
   475 | D:1      | Reached * piety under Lugonu
   475 | D:1      | Gained mutation: You are slightly more attuned to the shadows. [demonic ancestry]
   475 | D:1      | Reached XP level 2. HP: 24/24 MP: 3/3
  1141 | D:2      | Gained mutation: You are partially covered in icy blue scales (AC +1). [demonic ancestry]
  1141 | D:2      | Reached XP level 3. HP: 29/29 MP: 5/5
  1988 | D:2      | Reached ** piety under Lugonu
  2294 | D:2      | Found an ancient bone altar of Kikubaaqudgha.
  2301 | D:2      | Reached XP level 4. HP: 33/36 MP: 6/6
  2693 | D:3      | Noticed Grinder
  2694 | D:3      | Paralysed by Grinder for 2 turns
  2713 | D:2      | Gained mutation: You have supernaturally acute eyesight. [potion of mutation]
  2713 | D:2      | Gained mutation: Your movements are slightly less encumbered by armour (ER -2). [potion of mutation]
  2713 | D:2      | Gained mutation: You expend magic power (3 MP) to strengthen your wands. [potion of mutation]
  2714 | D:2      | Paralysed by Grinder for 3 turns
  2733 | D:2      | Killed Grinder
  2733 | D:2      | Reached XP level 5. HP: 18/42 MP: 7/7
  2733 | D:2      | Gained mutation: You have a pair of small horns on your head. [demonic ancestry]
  2733 | D:2      | Reached XP level 6. HP: 21/48 MP: 8/8
  2962 | D:2      | Gained mutation: You are dopey. (Int -2) [potion of mutation]
  2962 | D:2      | Gained mutation: Your muscles are strong. (Str +2) [potion of mutation]
  2963 | D:2      | Gained mutation: Potions and wands are less effective at restoring your health. [potion of mutation]
  2963 | D:2      | Gained mutation: You are agile. (Dex +2) [potion of mutation]
  3723 | D:3      | Reached *** piety under Lugonu
  4395 | D:3      | Found a sacrificial altar of Ru.
  4705 | D:4      | Noticed BTG's ghost (amateur MiBe)
  4719 | D:4      | Banished BTG's ghost
  4719 | D:4      | Reached XP level 7. HP: 23/55 MP: 10/10
  4917 | D:4      | Reached skill level 5 in Armour
  4956 | D:4      | Reached **** piety under Lugonu
  5000 | D:4      | Found a shadowy altar of Dithmenos.
  5040 | D:4      | Found a blossoming altar of Fedhas.
  5042 | D:4      | Found a burning altar of Makhleb.
  5174 | D:5      | Entered Level 5 of the Dungeon
  5338 | D:5      | Noticed Menkaure
  5348 | D:5      | Killed Menkaure
  5348 | D:5      | Reached skill level 5 in Invocations
  5348 | D:5      | Gained mutation: A weak demonic guardian rushes to your aid. [demonic ancestry]
  5348 | D:5      | Reached XP level 8. HP: 17/61 MP: 11/11
  5362 | D:5      | Noticed Sigmund
  5379 | D:5      | Killed Sigmund
  5379 | D:5      | Reached skill level 5 in Fighting
  5421 | D:5      | Slain by a gnoll

Skill      XL: |  1  2  3  4  5  6  7  8 |
---------------+-------------------------+-----
Dodging        | 1 2 3 |  3.0
Armour         | 2 3 4 5 |  5.8
Axes           | 2 3 |  3.7
Invocations    | 3 4 5 |  5.2
Fighting       | 4 5 |  5.0

Action                   |  1- 3 |  4- 6 |  7- 9 || total
-------------------------+-------+-------+-------++-------
Melee: Hand axe          |   134 |   250 |   125 ||   509
       Headbutt          |       |    37 |    24 ||    61
Throw: Tomahawk          |     2 |       |       ||     2
Invok: Depart the Abyss  |     1 |       |       ||     1
       Banish            |       |       |     1 ||     1
  Use: Scroll            |     7 |     4 |       ||    11
       Potion            |       |     6 |     1 ||     7
  Eat: Chunk             |     5 |     8 |     3 ||    16
       Bread ration      |       |     1 |       ||     1
Armor: Ring mail         |    39 |       |       ||    39
       Scale mail        |    29 |       |       ||    29
       Chain mail        |     3 |   182 |    65 ||   250
Dodge: Dodged            |    68 |   138 |    65 ||   271
